 Dungeon Crawl Stone Soup version 0.30.1-11-g7821555f0a (webtiles) character file.

Game seed: 1509055236323786153

5 SacredBeard the Vexing (level 1, -1/11 HPs)
             Began as a Deep Elf Hexslinger on Oct 30, 2023.
             Slain by a quokka (4 damage)
             ... on level 1 of the Dungeon.
             The game lasted 00:00:31 (42 turns).

SacredBeard the Vexing (Deep Elf Hexslinger)          Turns: 42, Time: 00:00:33

Health: -1/11      AC:  2    Str:  7    XL:     1   Next: 66%
Magic:  5/5        EV:  9    Int: 17    God:
Gold:   0          SH:  0    Dex: 15    Spells: 2/3 levels left

rFire   . . .        a - +1 sling
rCold   . . .        (no shield)
rNeg    . . .        c - +0 robe
rPois   .            (no helmet)
rElec   .            (no cloak)
rCorr   .            (no gloves)
SInv    .            (no boots)
Will    .....        (no amulet)
Stlth   +            (no ring)
HPRegen 0.21/turn    (no ring)
MPRegen 0.09/turn

%: no passive effects
@: constricted
A: no striking features
a: no special abilities


You were on level 1 of the Dungeon.
You visited 1 branch of the dungeon, and saw 1 of its levels.

Inventory:

Hand Weapons
 a - a +1 sling (weapon)
Armour
 c - a +0 robe (worn)
Scrolls
 b - a scroll of poison


   Skills:
 + Level 0.9 Fighting
 * Level 2.8 Ranged Weapons
 + Level 0.1 Armour
 + Level 2.5 Dodging
 + Level 1.7 Spellcasting
 + Level 4.1 Hexes


You had 2 spell levels left.
You knew the following spells:

 Your Spells              Type           Power      Damage    Failure   Level
a - Slow                  Hex            60%        N/A       3%          1

Your spell library contained the following spells:

 Spells                   Type           Power      Damage    Failure   Level
 Inner Flame              Hex/Fire       8%         N/A       26%         3
 Portal Projectile        Hex/Tloc       16%        N/A       26%         3
 Cause Fear               Hex            7%         N/A       36%         4


Dungeon Overview and Level Annotations

Branches:
Dungeon (1/15) Zot: 5949

Altars:


Message History

A ball python comes into view.
Things that are here:
16 gold pieces; a giant cockroach corpse You shoot a sling bullet.
The sling bullet hits the ball python.
The ball python hisses angrily.
The ball python is severely wounded.
A quokka comes into view.
A ball python comes into view.
There are monsters nearby!
You shoot a sling bullet. The ball python hisses angrily.
The sling bullet hits the quokka but does no damage.
You shoot a sling bullet.
The sling bullet hits the quokka but does no damage.
You shoot a sling bullet.
The sling bullet barely misses the ball python.
The quokka bites you.
You are too injured to fight recklessly!
You are too injured to fight recklessly!
You are too injured to fight recklessly!
You are too injured to fight recklessly!
You are too injured to fight recklessly!
You shoot a sling bullet. The sling bullet hits the quokka.
The quokka is almost dead.
The ball python bites you. The ball python completely misses you.
The quokka bites you.
* * * LOW HITPOINT WARNING * * *
You shoot a sling bullet.
The sling bullet barely misses the quokka.
The sling bullet closely misses the ball python.
The ball python barely misses you. x2
The quokka bites you but does no damage.
The quokka closely misses you.
You shoot a sling bullet.
The sling bullet barely misses the quokka.
The sling bullet barely misses the ball python.
The ball python bites you but does no damage.
The ball python grabs you. The ball python constricts you.
* * * LOW HITPOINT WARNING * * *
The quokka bites you.
You die...

##......###.##
.............
~~~.....)..~~
~~~~~~.....~~
~~~~~~~≈≈≈≈~~~....~
~~≈~≈≈≈≈≈≈≈≈~~....
≈≈≈≈≈≈≈≈≈≈≈~~..Sr#
≈≈≈≈≈≈≈≈≈≈≈~...S@#
≈≈≈≈≈≈≈≈≈~≈~~....+
≈≈≈≈≈≈~~~~~.....#
####≈~~~~~~......##
...##~.~........~~##
....#.........~~~~~≈≈≈
><..'........~~~≈≈≈≈≈≈
....#.~.~....~≈≈~≈≈≈≈≈≈
...##~~†~~...~~≈≈≈≈≈≈≈≈


You could see a quokka and 2 ball pythons.

Vanquished Creatures
  2 endoplasms (D:1)
  A giant cockroach (D:1)
  A frilled lizard (D:1)
  A rat (D:1)
5 creatures vanquished.

Notes
Turn   | Place    | Note
-------+----------+-------------------------------------------
     0 | D:1      | SacredBeard the Deep Elf Hexslinger began the quest for the
                  | Orb.
     0 | D:1      | Reached XP level 1. HP: 11/11 MP: 5/5
    42 | D:1      | Slain by a quokka

Illustrated notes

Levels and vault maps discovered:
D:1:      minmay_arrival_shoal_huts, layout_loops_ring, serial_aquarium,
          aquarium_bridge_square [aquarium_subvault_window,
          aquarium_subvault_bridge, aquarium_subvault_wall,
          aquarium_subvault_wall], aquarium_window_1, aquarium_window_1,
          aquarium_window_fake, aquarium_view_2a, aquarium_view_2d,
          chequers_serial_rivers_micro_c, minmay_misc_feat_pillars,
          lemuel_flame_loot_1

Action                     || total
---------------------------++-------
   Fire: Sling             ||    25
 Armour: Robe              ||     3
  Dodge: Dodged            ||     7
